 Dungeon Crawl Stone Soup version 0.21.1-1-g345015f (webtiles) character file.

46 Monsterracer the Chiller (level 3, -6/19 HPs)
             Began as a Gargoyle Ice Elementalist on Apr 16, 2018.
             Mangled by a gnoll
             ... wielding a +0 flail
              (10 damage)
             ... on level 2 of the Dungeon.
             The game lasted 00:01:51 (837 turns).

Monsterracer the Chiller (Gargoyle Ice Elementalist) Turns: 837, Time: 00:01:52

Health: -6/19      AC:  6    Str: 11    XL:     3   Next: 66%
Magic:  3/6        EV: 12    Int: 21    God:
Gold:   94         SH:  0    Dex: 10    Spells: 3/7 levels left

rFire    . . .     SeeInvis .   f - +1 dagger (freeze)
rCold    . . .     Gourm    +   (no shield)
rNeg     + . .     Faith    .   a - +0 robe
rPois    ∞         Spirit   .   l - +0 helmet
rElec    +         Reflect  .   (no cloak)
rCorr    .         Harm     .   (no gloves)
MR       .....                  (no boots)
Stlth    ++........             j - amulet of the gourmand
HPRegen  0.06/turn              i - +5 ring of intelligence
MPRegen  0.10/turn              (no ring)

@: no status effects
A: negative energy resistance 1, electricity resistance, unbreathing,
petrification resistance, rot immunity, AC +3
a: no special abilities


You were on level 2 of the Dungeon.
You were not hungry.

You visited 1 branch of the dungeon, and saw 2 of its levels.

You collected 94 gold pieces.

Inventory:

Hand Weapons
 f - a +1 dagger of freezing (weapon)
Armour
 a - a +0 robe (worn)
 l - a +0 helmet (worn)
Jewellery
 i - a +5 ring of intelligence (left hand)
 j - an amulet of the gourmand (around neck)
Scrolls
 d - 3 scrolls of teleportation {unknown}
 e - a scroll of remove curse {unknown}
 g - a scroll of noise {unknown}
 h - a scroll of identify {unknown}
 k - a scroll of fear {unknown}
Books
 b - a book of Frost

   Spells                             Type                      Level
   a - Freeze                         Ice                          1
   b - Throw Frost                    Conjuration/Ice              2
   c - Ozocubu's Armour               Charms/Ice                   3
   d - Throw Icicle                   Conjuration/Ice              4
   e - Summon Ice Beast               Ice/Summoning                4
Comestibles
 c - 3 rations


   Skills:
 - Level 1.5 Dodging
 - Level 2.1 Stealth
 + Level 2.6 Spellcasting
   Level 1.1 Conjurations
 * Level 4.1 Ice Magic


You had 3 spell levels left.
You knew the following spells:

 Your Spells              Type           Power        Failure   Level  Hunger
a - Freeze                Ice            ###.         2%          1    None
c - Ozocubu's Armour      Chrm/Ice       ##......     19%         3    ###....


Dungeon Overview and Level Annotations

Branches:
Dungeon (2/15)

Altars:


Innate Abilities, Weirdness & Mutations

You are resistant to torment.
Your stone body is resilient. (AC +3)
You are immune to poison.
You resist negative energy. (rN+)
You are resistant to electric shocks. (rElec)
You can survive without breathing.
You are immune to petrification.
You are immune to rotting.


Message History

k - a scroll labeled COGYFO NYDD You see here a club.
d - 3 scrolls labeled IVYIRU TANOIF (gained 1)
There is a stone staircase leading down here.
You see here a helmet.
l - a helmet Wear which item? (? for menu, Esc to quit)
You start putting on your armour.
You continue putting on your helmet. x4
You finish putting on your +0 helmet.
You now have 88 gold pieces (gained 14).
You see here 16 arrows.
Done exploring.
Done exploring.
Done exploring.
There is a stone staircase leading down here.
You climb downwards.
There is a stone staircase leading up here.
You now have 94 gold pieces (gained 6).
A rat comes into view.
A rat is nearby!
A rat comes into view.
The rat barely misses you.
You closely miss the rat.
The rat bites you but does no damage. x2
You hit the rat. You freeze the rat.
You kill the rat!
The rat barely misses you.
Casting: Freeze
Confirm with . or Enter, or press ? or * to list all spells.
Aiming: Freeze
Press: ? - help, Shift-Dir - straight line, f - rat
Aim: a rat You freeze the rat.
You kill the rat!
You now have 5/6 mp.
Magic restored.
Found a stone staircase leading down.
You see here a rat corpse.
MP restored: 6 2 gnolls come into view.
The gnoll shouts!
Found an escape hatch in the ceiling.
There are monsters nearby!
A worm and a gnoll come into view.
The gnoll moves out of view.
Found a leather armour.
The gnoll shouts!
The gnoll hits you with a flail.
You take 5 damage, and have 14/19 hp.
MASSIVE DAMAGE!!
Casting: Freeze
Confirm with . or Enter, or press ? or * to list all spells.
You miscast Ozocubu's Armour.
You are very lightly contaminated with residual magic.
You feel uncomfortably cold.
You now have 3/6 mp.
Casting: Ozocubu's Armour
Confirm with . or Enter, or press ? or * to list all spells.
Aiming: Freeze
Press: ? - help, Shift-Dir - straight line, f - gnoll
Aim: a gnoll, wielding a flail You freeze the gnoll.
The gnoll is moderately wounded.
The gnoll completely misses you.
You now have 2/6 mp.
Casting: Freeze
Confirm with . or Enter, or press ? or * to list all spells.
Aiming: Freeze
Press: ? - help, Shift-Dir - straight line, f/p - gnoll
Aim: a gnoll, wielding a flail (moderately wounded)
You freeze the gnoll.
The gnoll is almost dead.
The gnoll barely misses you. The gnoll misses you.
You now have 1/6 mp.
Casting: Freeze
Confirm with . or Enter, or press ? or * to list all spells.
Aiming: Freeze
Press: ? - help, Shift-Dir - straight line, f/p - gnoll
Aim: a gnoll, wielding a flail (almost dead)
You freeze the gnoll.
You kill the gnoll!
Your Ice Magic skill increases to level 4!
The gnoll misses you.
You now have 0/6 mp.
You hit the gnoll but do no damage. The gnoll hits you with a flail.
You take 5 damage, and have 10/19 hp.
MASSIVE DAMAGE!!
You hit the gnoll. You freeze the gnoll.
The gnoll is heavily wounded.
The gnoll hits you with a flail.
* * * LOW HITPOINT WARNING * * *
You take 4 damage, and have 6/19 hp.
MASSIVE DAMAGE!!
You see here a flail.
You see here a rat corpse.
The gnoll barely misses you. The gnoll hits you with a flail.
* * * LOW HITPOINT WARNING * * *
You take 3 damage, and have 3/19 hp.
Your magical contamination has completely faded away.
There is a stone staircase leading up here.
The gnoll hits you with a flail!
Ouch! That really hurt!
You die...

#......#
###..#.#.#
#........#
#.#........
#.##########
#g# #.#
#.##########
#......g.g@#
############


You could see 2 gnolls.

Vanquished Creatures
  A gnoll (D:2)
  2 oozes (D:1)
  2 dart slugs (D:1)
  A leopard gecko (D:1)
  A giant cockroach (D:1)
  6 goblins (D:1)
  3 hobgoblins (D:1)
  A bat (D:1)
  A frilled lizard (D:1)
  5 rats
23 creatures vanquished.

Notes
Turn   | Place    | Note
-------+----------+-------------------------------------------
     0 | D:1      | Monsterracer the Gargoyle Ice Elementalist began the quest for the Orb.
     0 | D:1      | Reached XP level 1. HP: 10/10 MP: 3/3
   163 | D:1      | Reached XP level 2. HP: 14/15 MP: 3/5
   296 | D:1      | HP: 7/15 [goblin/club (5)]
   302 | D:1      | Reached XP level 3. HP: 9/19 MP: 1/6
   524 | D:1      | Learned a level 3 spell: Ozocubu's Armour
   805 | D:2      | Reached skill level 4 in Ice Magic
   807 | D:2      | HP: 6/19 [gnoll/flail (4)]
   813 | D:2      | HP: 3/19 [gnoll/flail (3)]
   837 | D:2      | Mangled by a gnoll

Skill      XL: |  1  2  3 |
---------------+----------+-----
Ice Magic      | 4 |  4.1
Dodging        | |  1.5
Stealth        | |  2.1
Spellcasting   | |  2.6
Conjurations   | |  1.1

Action                   || total
-------------------------++-------
Melee: Unarmed           ||    15
       Dagger            ||    35
 Cast: Freeze            ||    18
Armor: Robe              ||    18
Dodge: Dodged            ||    33

Vault maps used:
D:1:      ncdulo_watergridlock
D:2:      gammafunk_temple_overflow_statue, minmay_misc_feat_five
